 Dungeon Crawl Stone Soup version 0.24.0-10-g970556be89 (webtiles) character file.

Game seed: 15561615109683741308, levelgen mode: deterministic

30 Froggeryz the Cutter (level 3, 0/21 HPs)
             Began as a Kobold Skald on Nov 4, 2019.
             Slain by an adder (3 damage)
             ... on level 2 of the Dungeon.
             The game lasted 00:02:09 (1357 turns).

Froggeryz the Cutter (Kobold Skald)                 Turns: 1357, Time: 00:02:10

Health: 0/21       AC:  3    Str:  8    XL:     3   Next: 37%
Magic:  6/6        EV: 20    Int: 14    God:
Gold:   41         SH:  0    Dex: 20    Spells: 5/6 levels left

rFire    . . .     SeeInvis .   a - +0 short sword
rCold    . . .     Gourm    .   (shield restricted)
rNeg     . . .     Faith    .   b - +0 leather armour
rPois    .         Spirit   .   (no helmet)
rElec    .         Reflect  .   (no cloak)
rCorr    .         Harm     .   (no gloves)
MR       .....     Rnd*Tele +   (no boots)
Stlth    +++.......             (no amulet)
HPRegen  0.07/turn              e - ring of teleportation (curse)
MPRegen  0.10/turn              (no ring)

@: agile, lethally poisoned (0 -> -5), flying, hasted, very quick
A: small, carnivore
a: no special abilities


You were on level 2 of the Dungeon.
You were very full.

You visited 1 branch of the dungeon, and saw 2 of its levels.

You collected 41 gold pieces.

Inventory:

Hand Weapons
 a - a +0 short sword (weapon)
Missiles
 g - 4 atropa-tipped darts (quivered)
Armour
 b - a +0 leather armour (worn)
Jewellery
 e - a cursed ring of teleportation (left hand)
Scrolls
 c - 5 scrolls of identify
 i - 2 scrolls of amnesia
Comestibles
 d - 2 rations


   Skills:
 - Level 2.1 Fighting
 * Level 4.8 Short Blades
 - Level 0.7 Armour
 - Level 2.4 Dodging
 - Level 2.1 Spellcasting
 - Level 2.4 Charms


You had 5 spell levels left.
You knew the following spells:

 Your Spells              Type           Power        Failure   Level  Hunger
a - Infusion              Chrm           #...         12%         1    #......

Your spell library contained the following spells:

 Spells                   Type           Power        Failure   Level  Hunger
 Song of Slaying          Chrm           #.......     19%         2    ###....
 Shroud of Golubria       Chrm/Tloc      #.....       30%         2    ###....
 Regeneration             Chrm/Necr      #.........   52%         3    ###....
 Spectral Weapon          Hex/Chrm       #.......     52%         3    ###....


Dungeon Overview and Level Annotations

Branches:
Dungeon (2/15)

Altars:
Cheibriados


Innate Abilities, Weirdness & Mutations

You are small and have problems with some larger weapons.
You are carnivorous and can eat meat at any time.


Message History

The adder is moderately wounded.
The adder bites you. x2
* * * LOW HITPOINT WARNING * * *
You are poisoned.
The adder poisons you!
You are too injured to fight recklessly!
You are too injured to fight recklessly!
It was a potion of flight.
You feel very buoyant.
You fly up into the air.
You feel sick. The adder bites you but does no damage.
It was a potion of haste.
You feel yourself speed up. The adder bites you.
* * * LOW HITPOINT WARNING * * *
It was a potion of agility.
You feel agile all of a sudden. The adder misses you.
Unknown command.
You hit the adder.
The adder is severely wounded.
The adder bites you.
You die...

#### #....#######.#
#..$.S....# #@# #.#
#.## #..# #####.# ###
#.....# #.. #.....###
#.# #.......#
#.########
..#.......###........#


You could see an adder.

Vanquished Creatures
  2 leopard geckos (D:1)
  2 bats
  3 giant cockroaches
  2 hobgoblins
  3 jackals (D:2)
  5 frilled lizards
  5 goblins (D:1)
  A kobold (D:2)
  5 rats (D:1)
28 creatures vanquished.

Notes
Turn   | Place    | Note
-------+----------+-------------------------------------------
     0 | D:1      | Froggeryz the Kobold Skald began the quest for the Orb.
     0 | D:1      | Reached XP level 1. HP: 12/12 MP: 3/3
    28 | D:1      | Reached skill level 3 in Short Blades
   258 | D:1      | Reached XP level 2. HP: 13/17 MP: 5/5
   553 | D:1      | Reached skill level 4 in Short Blades
   956 | D:1      | Reached XP level 3. HP: 20/21 MP: 6/6
  1300 | D:2      | Found a snail-covered altar of Cheibriados.
  1357 | D:2      | Slain by an adder

Levels and vault maps discovered:
D:1:      dpeg_arrival_rhombus, layout_basic
D:2:      layout_loops_ring, nicolae_overflow_crystal_walls,
          dancing_weapons_uskayaw, nicolae_overflow_hidden_temple, first_ration,
          dk_noncrumbling_4, minmay_misc_feat_hallway, wad_orctagon

Skill      XL: |  1  2 |
---------------+-------+-----
Short Blades   | 3 4 |  4.8
Fighting       | |  2.1
Armour         | |  0.7
Dodging        | |  2.4
Spellcasting   | |  2.1
Charms         | |  2.4

Action                   || total
-------------------------++-------
Melee: Short sword       ||   152
  Use: Scroll            ||     1
       Potion            ||     3
  Eat: Chunk             ||     8
Armor: Leather armour    ||    45
Dodge: Dodged            ||   135
